 Dungeon Sprint DCSS version 0.31-a0-662-g684573625c (webtiles) character file.

Game seed: 8203541776452646415

1853 fingers the Imperceptible (level 8, -3/64 HPs)
             Began as a Vampire Brigand on Sept 1, 2023.
             Was an Elder of Dithmenos.
             Slain by a fire elemental (5 damage)
             ... summoned by a deep elf pyromancer
             ... in the Dungeon (Sprint V: "Ziggurat Sprint").
             The game lasted 00:04:09 (293 turns).

fingers the Imperceptible (Vampire Brigand)          Turns: 293, Time: 00:04:10

Health: -3/64      AC: 19    Str: 10    XL:     8   Next: 89%
Magic:  6/8        EV:  5    Int: 13    God:    Dithmenos [****..]
Gold:   0          SH:  0    Dex: 33    Spells: 7/7 levels left

rFire   + . .        F - +5 quick blade
rCold   + . .        (no shield)
rNeg    . . .        E - +5 shadow dragon scales
rPois   +            (no helmet)
rElec   +            c - +0 cloak
rCorr   +            o - +0 pair of gloves {Dex+3}
SInv    +            (no boots)
Will    .....        (no amulet) Stlth ******++++
                     v - +6 ring of dexterity
HPRegen 0.50/turn    w - +6 ring of dexterity
MPRegen 0.11/turn

%: no teleportation
@: resistant, healing quickly, wreathed by umbra
A: alive, fangs 3, see invisible, vampiric 2
a: Exsanguinate, Renounce Religion, Shadow Step


You were in the Dungeon.
You worshipped Dithmenos.
Dithmenos was greatly pleased with you.
You visited 1 branch

Inventory:

Hand Weapons
 a - a +2 dagger
 F - a +5 quick blade (weapon)
 G - a +5 rapier
Missiles
 d - 9 poisoned darts
 e - 3 curare-tipped darts
Armour
 b - a +0 robe
 c - a +0 cloak (worn)
 o - a +0 pair of gloves of dexterity (worn)
 E - +5 shadow dragon scales (worn)
Jewellery
 u - a ring of flight
 v - a +6 ring of dexterity (left hand)
 w - a +6 ring of dexterity (right hand)
 x - a +6 ring of intelligence
 y - a +6 ring of intelligence
 z - a +6 ring of strength
 A - a +6 ring of strength
 L - a +5 ring of evasion
Talismans
 H - a beast talisman
 I - a blade talisman
 J - a maw talisman
 K - a serpent talisman
Wands
 B - a wand of mindburst (7)
 C - a wand of iceblast (7)
 D - a wand of quicksilver (7)
 M - a wand of charming (3)
 N - a wand of digging (5)
Scrolls
 k - 4 scrolls of blinking
 q - 4 scrolls of amnesia
 r - 7 scrolls of fog
 s - 5 scrolls of identify
Potions
 f - 10 potions of curing
 h - 6 potions of haste
 i - 7 potions of magic
 j - 3 potions of berserk rage
 l - 2 potions of brilliance
 m - a potion of invisibility
 n - 3 potions of resistance
 p - 4 potions of might


   Skills:
 + Level 6.1 Fighting
 + Level 9.9 Short Blades
 + Level 4.2 Throwing
 + Level 2.7 Armour
 + Level 2.4 Dodging
 + Level 23.4 Stealth


You had 7 spell levels left.
You didn't know any spells.
Your spell library contained the following spells:

 Spells                   Type           Power      Damage    Failure   Level
 Foxfire                  Conj/Fire      0%         2x1d4     100%        1
 Inner Flame              Hex/Fire       0%         N/A       100%        3
 Yara's Violent Unravell  Hex/Tmut       0%         3d3       100%        5
 Plasma Beam              Fire/Air       0%         2x1d10    100%        6
 Starburst                Conj/Fire      0%         6d3       100%        6
 Enfeeble                 Hex            0%         N/A       100%        7


Dungeon Overview and Level Annotations

Branches:
Dungeon (1/1)

Altars:
Ashenzari
Cheibriados
Dithmenos
Fedhas
Gozag
Hepliaklqana
Kikubaaqudgha
Makhleb
Nemelex Xobeh
Okawaru
Qazlal
Ru
Sif Muna
Trog
Uskayaw
Vehumet
Wu Jian
Xom
Yredelemnul
Jiyva
Lugonu

Annotations:
D 1 transporter


Innate Abilities, Weirdness & Mutations

Your natural rate of healing is accelerated.
You have razor-sharp teeth.
You have supernaturally acute eyesight. (SInv)
You are afflicted with vampirism and can become a bat while bloodless.


Message History

The +3 heavy hand axe barely misses you.
The fire elemental hits you. The fire elemental burns you! You resist.
* * * LOW HITPOINT WARNING * * *
The deep elf knight hits you but does no damage.
You feel much better.
The deep elf knight hits you with a +0 short sword.
The fire elemental hits you. The fire elemental burns you! You resist.
The fire elemental hits you. The fire elemental burns you! You resist.
The +3 heavy hand axe hits you but does no damage.
The deep elf knight completely misses you.
The fire elemental barely misses you.
You feel much better. The fire elemental hits you.
The fire elemental burns you! You resist. The +3 heavy hand axe hits you.
The deep elf pyromancer hits you but does no damage.
The deep elf knight gestures at you while chanting.
The shard of ice hits you!! You partially resist.
* * * LOW HITPOINT WARNING * * *
You emit a cloud of dark smoke.
The fire elemental hits you. The fire elemental burns you! You resist.
* * * LOW HITPOINT WARNING * * *
The fire elemental barely misses you.
You feel much better.
The deep elf knight hits you but does no damage.
The +3 heavy hand axe hits you.
The deep elf pyromancer mumbles some strange words.
The deep elf pyromancer blinks!
The fire elemental hits you. The fire elemental burns you! You resist.
The fire elemental hits you. The fire elemental burns you! You resist.
The deep elf knight hits you but does no damage.
You puncture the deep elf knight! You bite the deep elf knight.
You puncture the deep elf knight! You punch the deep elf knight.
The deep elf knight is almost dead.
The +3 heavy hand axe hits you!
* * * LOW HITPOINT WARNING * * *
The fire elemental hits you. The fire elemental burns you! You resist.
* * * LOW HITPOINT WARNING * * *
The fire elemental hits you. The fire elemental burns you! You resist.
* * * LOW HITPOINT WARNING * * *
The fire elemental hits you. The fire elemental burns you! You resist.
You die...

▓...©....▓...©....▓
▓▓▓▓▓▓▓▓▓▓▓▓▓▓▓▓▓▓▓
▓..8©8..▓ ▓..))/..▓
▓.e?))..▓ ▓e○.....▓
▓EE.e...▓ ▓E(Ee...▓
▓§@e....▓ ▓.▓E..▓.▓
▓...©...▓ ▓▓▓▓▓▓▓▓▓


You could see a deep elf archer (repels missiles), a deep elf knight (fast,
invisible), 2 deep elf pyromancers, a deep elf zephyrmancer, 5 fire elementals
and a +3 heavy hand axe.

Vanquished Creatures
  2 ugly things (D)
  A fire elemental (D)
  A golden eye (shapeshifter) (D)
  A water moccasin (D)
  4 hell hounds (D)
  2 sky beasts (shapeshifter) (D)
  2 orc priests (D)
  An orc wizard (D)
  An orc (D)
  3 ball pythons (D)
18 creatures vanquished.

Notes
Turn   | Place    | Note
-------+----------+-------------------------------------------
     0 | D        | fingers the Vampire Brigand began the quest for the Orb.
     0 | D        | Reached XP level 1. HP: 16/16 MP: 1/1
     0 | D        | Found a shimmering blue altar of Sif Muna.
     0 | D        | Found a bloodstained altar of Trog.
     0 | D        | Found a sacrificial altar of Ru.
     0 | D        | Found a stormy altar of Qazlal.
     0 | D        | Found an iron altar of Okawaru.
     1 | D        | Found a sparkling altar of Nemelex Xobeh.
     1 | D        | Found a blossoming altar of Fedhas.
     1 | D        | Found the +6 Majin-Bo {spellvamp, MP+6 Int+6}
     1 | D        | Found the +27 heavy crossbow "Sniper" {heavy, Acc+∞ SInv}
     1 | D        | Found the +10 dark maul {heavy}
     1 | D        | Found the +15 Maxwell's patent armour {-Cast -Tele rElec
                  | Will+ rCorr}
     1 | D        | Found the +18 shield of the Gong {Loud rN+ Will+ rCorr
                  | EV-5}
     1 | D        | Found the +16 obsidian axe {drain, demonic, Mesm Drain Fly
                  | SInv}
     1 | D        | Found the +7 great mace "Firestarter" {flame, immolate,
                  | rFlCloud rF++}
     1 | D        | Found the +6 shillelagh "Devastator" {shatter}
     1 | D        | Found the +11 plutonium sword {Contam Stlth-}
     1 | D        | Found the +8 lance "Wyrmbane" {slay drac, rPois rF+ rC+
                  | AC+3}
     1 | D        | Found the +9 sword of Zonguldrok {reap}
     1 | D        | Found the +13 scythe of Curses {drain, curses, Drain}
     1 | D        | Found the +9 sword of Power {lifebolt}
     1 | D        | Found the +7 mace of Variability {chaos, chaos arc}
     1 | D        | Found the +11 Singing Sword {sonic wave}
     1 | D        | Found the +8 storm bow {elec, penet}
     3 | D        | Found a transporter.
     3 | D        | Found an ancient bone altar of Kikubaaqudgha.
     3 | D        | Found a viscous altar of Jiyva.
     3 | D        | Found a corrupted altar of Lugonu.
     3 | D        | Found a hazy altar of Hepliaklqana.
     3 | D        | Found a burning altar of Makhleb.
     3 | D        | Found an opulent altar of Gozag.
    66 | D        | Became a worshipper of Dithmenos the Shadowed
    87 | D        | Reached skill level 10 in Stealth
    87 | D        | Reached XP level 2. HP: 22/22 MP: 2/2
    99 | D        | Entered arena 2.
    99 | D        | Noticed a hell hound
    99 | D        | Noticed a hell hound
    99 | D        | Found a transporter.
   104 | D        | Killed a hell hound
   105 | D        | Reached skill level 13 in Stealth
   105 | D        | Gained mutation: You are afflicted with vampirism and can
                  | become a bat while bloodless. [Vampire growth]
   105 | D        | Reached XP level 3. HP: 23/28 MP: 3/3
   105 | D        | Reached XP level 4. HP: 29/34 MP: 4/4
   108 | D        | Killed a hell hound
   109 | D        | Reached skill level 1 in Armour
   109 | D        | Reached skill level 15 in Stealth
   109 | D        | Reached XP level 5. HP: 34/41 MP: 5/5
   125 | D        | Entered arena 3.
   125 | D        | Noticed a hell hound
   125 | D        | Noticed a hell hound
   125 | D        | Noticed a fire elemental
   125 | D        | Found a transporter.
   130 | D        | Killed a hell hound
   130 | D        | Reached * piety under Dithmenos
   131 | D        | Reached skill level 17 in Stealth
   131 | D        | Reached XP level 6. HP: 48/48 MP: 6/6
   132 | D        | Killed a fire elemental
   133 | D        | Reached skill level 18 in Stealth
   133 | D        | Killed a hell hound
   133 | D        | Reached ** piety under Dithmenos
   134 | D        | Reached XP level 7. HP: 55/55 MP: 7/7
   141 | D        | Entered arena 4.
   141 | D        | Found a transporter.
   148 | D        | Reached skill level 19 in Stealth
   150 | D        | Reached *** piety under Dithmenos
   156 | D        | Entered arena 5.
   156 | D        | Found a transporter.
   163 | D        | Reached skill level 20 in Stealth
   165 | D        | Reached skill level 5 in Fighting
   167 | D        | Entered arena 6.
   167 | D        | Noticed a brown ugly thing
   167 | D        | Noticed a basilisk
   167 | D        | Noticed a white ugly thing
   167 | D        | Found a transporter.
   175 | D        | Killed a white ugly thing
   175 | D        | Reached **** piety under Dithmenos
   176 | D        | Reached skill level 21 in Stealth
   176 | D        | Reached XP level 8. HP: 53/63 MP: 8/8
   178 | D        | Killed a brown ugly thing
   179 | D        | Reached skill level 22 in Stealth
   193 | D        | Reached skill level 23 in Stealth
   227 | D        | Reached ***** piety under Dithmenos
   268 | D        | Entered arena 7.
   268 | D        | Noticed a deep elf archer
   268 | D        | Noticed a deep elf zephyrmancer
   268 | D        | Noticed a deep elf pyromancer
   268 | D        | Noticed a deep elf pyromancer
   268 | D        | Noticed a deep elf knight
   268 | D        | Noticed a +3 heavy hand axe
   269 | D        | Found a transporter.
   293 | D        | HP: 3/64 [fire elemental[a deep elf pyromancer] (6)]
   293 | D        | Slain by a fire elemental

Illustrated notes

Levels and vault maps discovered:
D:        sprint_v [room_start, room_1, room_2, room_3, room_4, room_5, room_6,
          room_7, room_8, room_9, room_10, room_11, room_12, room_13, room_14,
          room_15, room_16, room_17, room_18, room_19, room_20, room_21,
          room_22, room_23, room_24, room_25, room_26, room_27]

Skill      XL: |  1  2  3  4  5  6  7  8 |
---------------+-------------------------+-----
Short Blades   | 6 7 8 9 |  9.9
Stealth        | 10 13 15 17 18 21 23 | 23.4
Fighting       | 2 3 4 5 6 |  6.1
Throwing       | 2 3 4 |  4.2
Armour         | 1 2 |  2.7
Dodging        | 2 |  2.4

Action                     |  1- 3 |  4- 6 |  7- 9 || total
---------------------------+-------+-------+-------++-------
  Melee: Quick blade       |     8 |     8 |    67 ||    83
         Bite              |     1 |     1 |    10 ||    12
         Punch             |       |       |     3 ||     3
 Invoke: Shadow Step       |       |       |     1 ||     1
  Evoke: Wand              |       |       |     1 ||     1
    Use: Potion            |     3 |       |    11 ||    14
         Scroll            |       |       |     2 ||     2
   Stab: Sleeping          |       |     3 |     6 ||     9
         Invisible         |       |       |     5 ||     5
 Armour: Shadow dragon sca |     7 |     4 |   108 ||   119
  Dodge: Dodged            |     3 |       |    21 ||    24

Table legend: (Time is in decaauts)
 A = Elapsed time spent in this place.
 B = Non-inter-level travel time spent in this place.
 C = Inter-level travel time spent in this place.
 D = Time resting spent in this place.
 E = Time spent auto-exploring this place.
 F = Levels seen in this place.
 G = Mean time per level.
                   A        B        C        D        E       F      G
               +--------+--------+--------+--------+--------+-----+--------+
         Total |    280 |    280 |      0 |      0 |     29 |   1 |  280.0 |
       Dungeon |    280 |    280 |      0 |      0 |     29 |   1 |  280.0 |
               +--------+--------+--------+--------+--------+-----+--------+

Top non-repeatable levels by time:
       D: 280 daAuts
